AoeStats
← [TN]Radio_GM_8

Nomad

510903012Analyzed
2v2 RM · 12h ago on Oct 3, 2026· 32m 11s· 4 players
Game mode
Random Map
Map size
176×176
Population
200
Speed
Normal
Resources
Standard
Victory
Conquest
Starting age
Dark Age
Ending age
Imperial Age
RankedLock teamsTeams togetherTeam positionsShared explorationLock speedFull tech treeHidden civsTurbo modeCheats
Victory
Defeat
🇨🇦 Varangians · Canada
1659
+13
🇨🇦 Italians · Canada
1654
+13
🇹🇳 Danes · Tunisia
1605
-13
🇫🇷 Varangians · France
1578
-13
Oggdo Bogdo
5:07 Loom
13:09 Feudal Age
16:59 Castle Age
16:11 Fishing Lines
22:42 Gillnets
22:40 Double-Bit Axe
26:23 Bow Saw
28:38 Horse Collar
29:53 Forging
31:57 Iron Casting
31:29 Scale Barding Armor
32:05 Bloodlines
31:55 Husbandry
Bahen Centre for IT
10:59 Loom
13:06 Feudal Age
16:41 Castle Age
14:43 Fishing Lines
15:07 Double-Bit Axe
17:44 Bow Saw
18:24 Medium Warships
19:10 Fletching
19:12 Gillnets
19:46 Bodkin Arrow
20:33 Padded Archer Armor
25:26 Imperial Age
25:52 Leather Archer Armor
25:32 Gold Mining
26:17 Ballistics
27:52 Chemistry
27:53 Bracer
31:29 Conscription
31:55 Wheelbarrow
Ryan131293
4:44 Loom
12:32 Feudal Age
13:33 Double-Bit Axe
14:56 Town Watch
15:23 Forging
15:56 Bloodlines
17:16 Scale Barding Armor
17:59 Wheelbarrow
19:32 Horse Collar
20:26 Fishing Lines
23:53 Castle Age
23:57 Light Cavalry
24:52 Husbandry
25:33 Squires
25:19 Arson
25:35 Scale Mail Armor
30:53 Iron Casting
30:37 Chain Mail Armor
30:08 Gambesons
[TN]Radio_GM_8
5:07 Loom
13:23 Feudal Age
18:06 Castle Age
15:58 Double-Bit Axe
21:54 Bow Saw
27:36 Scale Mail Armor
27:47 Horse Collar
Connection lost

Rejoining the realm…

Still unreachable

The connection could not be restored.

Session expired

The server has moved on; the page needs a fresh start.